 Dungeon Crawl Stone Soup version 0.30-a0-1160-g6e42c06551 (webtiles) character file.

Game seed: 11485748344219065706

839 themarg the Summoner (level 8, -1/52 HPs)
             Began as a Merfolk Summoner on Apr 27, 2023.
             Was an Initiate of Sif Muna.
             Shot with an arrow by a centaur (7 damage)
             ... on level 5 of the Dungeon.
             The game lasted 00:18:00 (5086 turns).

themarg the Summoner (Merfolk Summoner)             Turns: 5086, Time: 00:18:01

Health: -1/52      AC:  4    Str:  8    XL:     8   Next: 0%
Magic:  4/11       EV: 12    Int: 17    God:    Sif Muna [......]
Gold:   254        SH:  0    Dex: 14    Spells: 5/11 levels left

rFire   . . .        t - +0 trident
rCold   . . .        (no shield)
rNeg    . . .        a - +0 robe
rPois   .            (no helmet)
rElec   .            (no cloak)
rCorr   .            d - +0 pair of gloves
SInv    .            y - +0 pair of boots
Will    .....        m - amulet of regeneration
Stlth   ++           (no ring)
HPRegen 1.08/turn    (no ring)
MPRegen 0.12/turn

%: no passive effects
@: no status effects
A: (nimble swimmer 2), mertail
a: Renounce Religion


You were on level 5 of the Dungeon.
You worshipped Sif Muna.
Sif Muna was noncommittal.
You visited 1 branch of the dungeon, and saw 5 of its levels.

You collected 254 gold pieces.

Inventory:

Hand Weapons
 c - a +0 dagger
 t - a +0 trident (weapon)
 u - a +3 heavy spear
Missiles
 e - 39 stones
 j - 2 poisoned darts
 r - a boomerang
Armour
 a - a +0 robe (worn)
 d - a +0 pair of gloves (worn)
 y - a +0 pair of boots (worn)
Jewellery
 m - an amulet of regeneration (around neck)
Scrolls
 h - a scroll of torment {unknown}
 k - 6 scrolls of identify {unknown}
 l - 5 scrolls of teleportation {unknown}
 o - 2 scrolls of magic mapping {unknown}
 q - a scroll of amnesia {unknown}
 s - 2 scrolls of blinking {unknown}
 w - a scroll of poison {unknown}
 z - a scroll of noise {unknown}
Potions
 b - a potion of magic
 f - a potion of invisibility {unknown}
 g - 3 potions of flight {unknown}
 i - a potion of heal wounds {unknown}
 n - a potion of cancellation {unknown}
 p - 2 potions of mutation {unknown}
 v - 3 potions of might {unknown}
 x - a potion of attraction {unknown}


   Skills:
 - Level 2.6 Dodging
 - Level 3.0 Stealth
 - Level 2.0 Spellcasting
 + Level 8.2 Summonings
 - Level 4.0 Ice Magic
 - Level 1.7 Air Magic


You had 5 spell levels left.
You knew the following spells:

 Your Spells              Type           Power      Damage    Failure   Level
a - Summon Small Mammal   Summ           100%       N/A       1%          1
b - Call Imp              Summ           58%        N/A       1%          2
c - Call Canine Familiar  Summ           29%        N/A       1%          3

Your spell library contained the following spells:

 Spells                   Type           Power      Damage    Failure   Level
 Frozen Ramparts          Ice            30%        1d5       11%         3
 Summon Guardian Golem    Hex/Summ       15%        N/A       11%         3
 Summon Ice Beast         Ice/Summ       22%        N/A       16%         4
 Summon Lightning Spire   Summ/Air       18%        N/A       24%         4
 Lesser Beckoning         Tloc           2%         N/A       28%         2
 Scorch                   Fire           2%         2d5       28%         2
 Dazzling Flash           Conj/Hex       2%         N/A       50%         3
 Gell's Gravitas          Tloc           1%         N/A       50%         3
 Teleport Other           Tloc           1%         N/A       50%         3
 Volatile Blastmotes      Fire/Tloc      2%         2d10      50%         3
 Ice Form                 Ice/Tmut       8%         N/A       63%         4
 Flame Wave               Conj/Fire      1%         2d4       88%         4
 Iskenderun's Mystic Bla  Conj/Tloc      1%         2d3       88%         4
 Summon Cactus Giant      Summ           14%        N/A       69%         6
 Starburst                Conj/Fire      0%         6d3       100%        6


Dungeon Overview and Level Annotations

Branches:
Dungeon (5/15)             Temple (0/1) D:4

Altars:
Dithmenos
Fedhas
Okawaru
Sif Muna
Trog
Uskayaw
Xom
Yredelemnul
Zin
The Shining One

Shops:
D:2 =

Annotations:
D:5 exclusion: centaur


Innate Abilities, Weirdness & Mutations

((You are very nimble when in or above water. (Stealth+, EV+, Speed+++)))
Your lower body shifts to a powerful aquatic tail in water.


Message History

Your hound bites the centaur.
The centaur unwields a +0 shortbow.
The centaur barely misses your hound. The centaur closely misses your hound.
Your hound bites the centaur.
Found a stone staircase leading up.
The centaur closely misses your hound. The centaur barely misses your hound.
Your hound barely misses the centaur.
The centaur wields a +0 shortbow.
The centaur shoots an arrow.
The arrow barely misses your hound. The arrow hits you!
Reach: t) +0 trident
Press: ? - help, Dir - move target, f - centaur
Aim: a centaur, wielding a +0 shortbow (lightly wounded, ally target, about 32% to evade your +0 trident)
You could not reach far enough!
Your hound barely misses the centaur.
The centaur shoots an arrow.
The arrow hits your hound.
Your hound barely misses the centaur.
Reach: t) +0 trident
Press: ? - help, Dir - move target, f/p - centaur
Aim: a centaur, wielding a +0 shortbow (lightly wounded, ally target, about 32% to evade your +0 trident)
You reach to attack!
You hit the centaur.
The centaur is moderately wounded.
The centaur shoots an arrow.
The arrow misses your hound. The arrow hits you.
Your hound bites the centaur.
The centaur shoots an arrow.
The arrow misses your hound. The arrow hits you!
* * * LOW HITPOINT WARNING * * *
Your hound bites the centaur.
You swap places.
The centaur shoots an arrow.
The arrow hits your hound.
Your hound dies!
Your hound's corpse disappears in a puff of smoke!
Your cerulean imp hits the centaur but does no damage.
Your cerulean imp hits the centaur with a -2 spear.
The centaur shoots an arrow.
The arrow hits your cerulean imp!
Your cerulean imp dies!
Your cerulean imp disappears in a puff of smoke!
The centaur attacks as you move away!
The centaur unwields a +0 shortbow.
The centaur hits you but does no damage.
The centaur kicks you.
* * * LOW HITPOINT WARNING * * *
The centaur wields a +0 shortbow.
The centaur shoots an arrow.
The arrow hits you!
* * * LOW HITPOINT WARNING * * *
The centaur shoots an arrow.
The arrow hits you!
You die...

###.##### #.#
#####.#######.#
#..........##.#
#.###.####.##[#
#.# #.# #.# #.#
#.# #.# #.# #.#
.# #.###.#
#####.# #h@...#
....#.# #.#####
. ###.#.# #.#
..< #.#.#####
#c####5..#.
###........
#h.§ch.....
))....#####
#.####...##
####...# #.# ##
###.#...... #.#
#.†.#..PP[. #.#


You could see a centaur (ally target), a hound and a friendly hound (summoned).

Vanquished Creatures
  A centaur (D:5)
  A phantom (D:4)
  Blork the orc (D:4)
  An iguana (D:4)
  An orc wizard (D:3)
  A worm (D:2)
  2 dart slugs
  2 orcs
  An endoplasm (D:3)
  A hobgoblin (D:1)
  A quokka (D:1)
  A frilled lizard (D:1)
14 creatures vanquished.

Vanquished Creatures (collateral kills)
  An ogre (D:5)
  A phantom (D:4)
  A bullfrog (D:3)
  2 hounds
  An orc priest (D:3)
  A sleepcap (D:3)
  An iguana (D:5)
  An orc wizard (D:5)
  3 gnolls (D:3)
  5 adders
  A worm (D:2)
  2 dart slugs (D:2)
  17 orcs
  9 ball pythons
  4 endoplasms
  2 giant cockroaches
  6 goblins
  8 hobgoblins
  6 jackals
  3 quokkas
  6 bats
  2 frilled lizards
  5 kobolds
  3 rats
91 creatures vanquished.

Grand Total: 105 creatures vanquished

Notes
Turn   | Place    | Note
-------+----------+-------------------------------------------
     0 | D:1      | themarg the Merfolk Summoner began the quest for the Orb.
     0 | D:1      | Reached XP level 1. HP: 13/13 MP: 3/3
   350 | D:1      | Reached XP level 2. HP: 19/19 MP: 0/5
   353 | D:1      | Learned a level 2 spell: Call Imp
   674 | D:1      | Reached XP level 3. HP: 24/24 MP: 0/6
  1427 | D:2      | Learned a level 3 spell: Call Canine Familiar
  1482 | D:2      | Reached skill level 5 in Summonings
  1575 | D:2      | Found an iron altar of Okawaru.
  1629 | D:2      | Found Besepp's Jewellery Shop.
  1913 | D:2      | Reached XP level 4. HP: 30/30 MP: 3/7
  2924 | D:3      | Reached skill level 6 in Summonings
  2924 | D:3      | Reached XP level 5. HP: 35/35 MP: 5/8
  3067 | D:3      | Found a bloodstained altar of Trog.
  3156 | D:3      | Reached XP level 6. HP: 41/41 MP: 9/9
  3212 | D:3      | Reached skill level 7 in Summonings
  3806 | D:4      | Reached skill level 1 in Ice Magic
  3919 | D:4      | Reached skill level 1 in Air Magic
  3919 | D:4      | Reached XP level 7. HP: 46/46 MP: 4/10
  3974 | D:4      | Found a hide-covered altar of Uskayaw.
  3978 | D:4      | Found a shimmering altar of Xom.
  3978 | D:4      | Found a basalt altar of Yredelemnul.
  3979 | D:4      | Found a shimmering blue altar of Sif Muna.
  3983 | D:4      | Became a worshipper of Sif Muna the Loreminder
  3985 | D:4      | Found a glowing golden altar of the Shining One.
  3986 | D:4      | Found a shadowy altar of Dithmenos.
  4133 | D:4      | Found a staircase to the Ecumenical Temple.
  4350 | D:4      | Found a glowing silver altar of Zin.
  4350 | D:4      | Noticed Blork the orc
  4374 | D:4      | Killed Blork the orc
  4525 | D:5      | Entered Level 5 of the Dungeon
  4655 | D:5      | Found a blossoming altar of Fedhas.
  4693 | D:5      | Reached skill level 8 in Summonings
  4949 | D:5      | Reached XP level 8. HP: 52/52 MP: 8/11
  5086 | D:5      | Shot with an arrow by a centaur

Illustrated notes

Levels and vault maps discovered:
D:1:      dpeg_arrival_castle, layout_basic
D:2:      layout_loops_ring, serial_shops, nicolae_shop_gaudy_bauble,
          basic_altar
D:3:      layout_loops_ring, mainiacjoe_overflow_concentric_impassable
D:4:      layout_rooms, minitemple, mainiacjoe_overflow_tiny_flanked,
          minmay_temple_entry_slanted, minmay_misc_feat_tiny, uniq_blork_the_orc
D:5:      minmay_chambers_of_fours, layout_loops_ring,
          fedhas_bush_and_centaur_altar

Skill      XL: |  1  2  3  4  5  6  7 |
---------------+----------------------+-----
Stealth        | 3 |  3.0
Summonings     | 5 6 7 8 |  8.2
Ice Magic      | 1 4 |  4.0
Air Magic      | 1 |  1.7
Dodging        | |  2.6
Spellcasting   | |  2.0

Action                     |  1- 3 |  4- 6 |  7- 9 || total
---------------------------+-------+-------+-------++-------
  Melee: Dagger            |    40 |     9 |       ||    49
         Unarmed           |     1 |       |       ||     1
         Punch             |     2 |     1 |     1 ||     4
         Trident           |       |    29 |    38 ||    67
   Cast: Summon Small Mamm |    57 |    17 |     1 ||    75
         Call Imp          |    14 |    11 |     7 ||    32
         Call Canine Famil |       |    20 |    11 ||    31
   Stab: Sleeping          |       |     1 |       ||     1
         Distracted        |       |       |     1 ||     1
 Armour: Robe              |    13 |     5 |     4 ||    22
  Dodge: Dodged            |    23 |    26 |    21 ||    70

Table legend: (Time is in decaauts)
 A = Elapsed time spent in this place.
 B = Non-inter-level travel time spent in this place.
 C = Inter-level travel time spent in this place.
 D = Time resting spent in this place.
 E = Time spent auto-exploring this place.
 F = Levels seen in this place.
 G = Mean time per level.
                   A        B        C        D        E       F      G
               +--------+--------+--------+--------+--------+-----+--------+
         Total |   5109 |   5037 |     72 |    222 |   3788 |   5 | 1021.8 |
       Dungeon |   5109 |   5037 |     72 |    222 |   3788 |   5 | 1021.8 |
               +--------+--------+--------+--------+--------+-----+--------+

Top non-repeatable levels by time:
     D:1: 1397 daAuts
     D:3: 1338 daAuts
     D:2: 1042 daAuts
     D:4: 762 daAuts
     D:5: 569 daAuts
